 Dungeon Crawl Stone Soup version 0.29.1-4-g47bece8355 (webtiles) character file.

Game seed: 4033154157236668090

2044 DildoBatman the Magician (level 9, -3/68 HPs)
             Began as a Formicid Conjurer on Dec 11, 2022.
             Slain by a vampire mosquito (10 damage)
             ... on level 6 of the Dungeon.
             The game lasted 00:12:02 (5214 turns).

DildoBatman the Magician (Formicid Conjurer)        Turns: 5214, Time: 00:12:02

Health: -3/68      AC:  3    Str: 12    XL:     9   Next: 48%
Magic:  20/28      EV: 13    Int: 22    God:
Gold:   395        SH:  0    Dex: 12    Spells: 19/22 levels left

rFire   . . .      SeeInvis +   a - +5 dagger of Beogh's Envy {elec, Drain *Slow rPois MP+9}
rCold   . . .      Faith    .   (no shield)
rNeg    . . .      Spirit   .   n - +0 robe
rPois   +          Reflect  .   (helmet unavailable)
rElec   .          Harm     .   (no cloak)
rCorr   .          Rampage  .   (no gloves)
Will    .....                   q - +0 pair of boots
Stlth   ++........              (no amulet)
HPRegen 0.21/turn               (no ring)
MPRegen 0.21/turn               (no ring)

@: flying
A: permanent stasis, dig shafts and tunnels, antennae 3, four strong arms
a: Dig, Shaft Self


You were on level 6 of the Dungeon.
You visited 2 branches of the dungeon, and saw 7 of its levels.

You collected 395 gold pieces.

Inventory:

Hand Weapons
 a - the +5 dagger of Beogh's Envy (weapon) {elec, Drain *Slow rPois MP+9}
   (You found it on level 2 of the Dungeon)

   It occasionally discharges a powerful burst of electricity upon striking a
   foe.
   rPois:     It protects you from poison.
   MP:        It affects your magic capacity (+9).
   Drain:     It drains your maximum health when unequipped.
   *Slow:     It may slow you when you take damage.
 b - a +0 arbalest
 c - a +0 sling
Missiles
 f - 56 stones
 r - 5 poisoned darts
 D - 5 javelins
 F - 5 curare-tipped darts
 J - 2 silver boomerangs
Armour
 n - a +0 robe (worn)
 q - a +0 pair of boots (worn)
Wands
 y - a wand of light (11)
 H - a wand of flame (19)
Scrolls
 h - 3 scrolls of magic mapping {unknown}
 i - a scroll of fog {unknown}
 k - a scroll of enchant armour {unknown}
 l - a scroll of poison {unknown}
 s - a scroll of silence {unknown}
 t - a scroll of vulnerability {unknown}
 w - 2 scrolls of fear {unknown}
 x - a scroll of enchant weapon {unknown}
 A - a scroll of immolation {unknown}
 C - a scroll of acquirement {unknown}
 I - a scroll of identify {unknown}
Potions
 e - a potion of flight
 g - a potion of haste {unknown}
 j - a potion of mutation {unknown}
 o - 2 potions of brilliance
 p - 2 potions of lignification {unknown}
 u - 3 potions of berserk rage {unknown}
 v - a potion of magic
 z - a potion of ambrosia {unknown}
 B - a potion of degeneration {unknown}
 E - a potion of invisibility {unknown}
 G - a potion of resistance {unknown}


   Skills:
 * Level 5.6 Fighting
 * Level 5.6 Armour
 * Level 3.6 Dodging
 - Level 2.4 Stealth
 - Level 7.0 Spellcasting
 - Level 6.0 Conjurations


You had 19 spell levels left.
You knew the following spells:

 Your Spells              Type           Power      Damage    Failure   Level
a - Searing Ray           Conj           68%        2d6       1%          2
c - Magic Dart            Conj           100%       1d8       1%          1

Your spell library contained the following spells:

 Spells                   Type           Power      Damage    Failure   Level
 Dazzling Flash           Conj/Hex       40%        N/A       7%          3
 Sting                    Tmut/Pois      28%        1d4       9%          1
 Ensorcelled Hibernation  Hex/Ice        14%        N/A       12%         2
 Passwall                 Tmut/Erth      5%         N/A       12%         2
 Poisonous Vapours        Pois/Air       14%        N/A       12%         2
 Fulminant Prism          Conj/Hex       10%        3d9       24%         4
 Iskenderun's Mystic Bla  Conj/Tloc      20%        2d6       24%         4
 Olgreb's Toxic Radiance  Pois           7%         N/A       63%         4
 Swiftness                Air            Unusable   N/A       N/A         3

Dungeon Overview and Level Annotations

Branches:
Dungeon (6/15)             Temple (1/1) D:4

Altars:
Ashenzari
Cheibriados
Elyvilon
Fedhas
Gozag
Hepliaklqana
Makhleb
Nemelex Xobeh
Okawaru
Qazlal
Ru
Sif Muna
Trog
Uskayaw
Vehumet
Wu Jian
Xom
Yredelemnul
Zin
The Shining One


Innate Abilities, Weirdness & Mutations

You cannot be hasted, slowed, berserked, paralysed or teleported.
You can dig through walls and to a lower floor.
You have a pair of large antennae on your head. (SInv)
Your four strong arms can wield two-handed weapons with a shield.


Message History

The vampire mosquito closely misses you.
It was a potion of brilliance.
You feel clever all of a sudden.
The vampire mosquito bites you but does no damage.
The vampire mosquito bites you.
The vampire mosquito draws strength from your injuries!
Casting: Searing Ray (safe; 1% risk of failure)
Confirm with . or Enter, or press ? or * to list all spells.
Aiming: Searing Ray (safe; 1% risk of failure)
Press: ? - help, Shift-Dir - straight line, f/p - vampire mosquito
Aim: a vampire mosquito (72% to hit)
You feel a surge of power!
The searing ray hits the vampire mosquito.
The vampire mosquito is lightly damaged. (Press . to maintain the ray.)
The vampire mosquito completely misses you.
The vampire mosquito bites you.
The vampire mosquito draws strength from your injuries!
You feel better. The vampire mosquito barely misses you.
It was a potion of cancellation.
Your magical effects are unravelling.
You feel magically purged.
You feel a little less clever now. The vampire mosquito bites you.
The vampire mosquito draws strength from your injuries!
The vampire mosquito barely misses you.
You feel better. The vampire mosquito bites you!
The vampire mosquito draws strength from your injuries!
The vampire mosquito barely misses you.
You feel better. The vampire mosquito bites you.
The vampire mosquito draws strength from your injuries!
The vampire mosquito completely misses you.
It was a potion of flight.
You feel very buoyant.
You fly up into the air.
The vampire mosquito bites you!
You die...

#........###..###..##.#.###...#..
########...........##.##.########
..................###.####
.###########..##### #.# ## #..#
#.# ~ #..# ### ~~ #..# ~~~
#..####### ~~~~ #...)@y..# ~~~o~
#############.####..#~~~~~~
..........# #.# ##.'....o.
#########.# #.# #.'...... ..# #.#
#.# ###~~~~~~ #.# #.# #.# ~~~~~~
#.# #.# #.# ~~~~~~ #.# #.# #.#
~~~~~ { #.# #.# #.#########~~~~


You could see a vampire mosquito.

Vanquished Creatures
  A shadow (D:6)
  A water moccasin (D:6)
  An orc warrior (D:6)
  A black bear (D:5)
  2 ogres
  An ice beast (D:6)
  2 phantoms
  2 kobold brigands
  2 bullfrogs (D:6)
  4 scorpions
  3 jellies
  4 hounds
  A gnoll bouda (D:6)
  3 orc priests
  3 iguanas
  3 orc wizards
  7 adders
  4 gnolls (D:6)
  A dart slug (D:4)
  4 worms
  19 orcs
  6 bats
  10 endoplasms
  7 giant cockroaches
  7 goblins
  5 hobgoblins
  8 jackals
  9 kobolds
  3 quokkas
  6 ball pythons
  5 frilled lizards
  2 rats
137 creatures vanquished.

Notes
Turn   | Place    | Note
-------+----------+-------------------------------------------
     0 | D:1      | DildoBatman the Formicid Conjurer began the quest for the
                  | Orb.
     0 | D:1      | Reached XP level 1. HP: 13/13 MP: 3/3
   228 | D:1      | Reached XP level 2. HP: 20/20 MP: 1/5
   235 | D:1      | Learned a level 2 spell: Searing Ray
   285 | D:1      | Found a faded altar of an unknown god.
   512 | D:1      | Reached skill level 1 in Fighting
   512 | D:1      | Reached skill level 1 in Armour
   531 | D:1      | You fall into a shaft and drop 1 floor!
   624 | D:2      | Reached XP level 3. HP: 26/26 MP: 1/6
   777 | D:2      | Identified the +5 dagger of Beogh's Envy {elec, Drain *Slow
                  | rPois MP+9}
   896 | D:1      | Reached XP level 4. HP: 18/32 MP: 8/8
  1411 | D:2      | Reached skill level 3 in Spellcasting
  1652 | D:3      | Reached XP level 5. HP: 38/38 MP: 9/9
  1734 | D:3      | Found a glowing silver altar of Zin.
  1923 | D:3      | Reached XP level 6. HP: 23/46 MP: 11/11
  2543 | D:4      | Found a hide-covered altar of Uskayaw.
  2701 | D:4      | Found a staircase to the Ecumenical Temple.
  2737 | Temple   | Entered the Ecumenical Temple
  2996 | D:4      | Reached skill level 4 in Spellcasting
  3342 | D:5      | Entered Level 5 of the Dungeon
  3375 | D:5      | Noticed an ogre
  3394 | D:5      | Killed an ogre
  3395 | D:5      | Reached skill level 5 in Conjurations
  3395 | D:5      | Reached XP level 7. HP: 52/52 MP: 13/13
  3520 | D:5      | Reached skill level 5 in Spellcasting
  3727 | D:5      | Reached XP level 8. HP: 58/58 MP: 15/15
  3882 | D:5      | Reached skill level 6 in Spellcasting
  4235 | D:6      | Reached skill level 7 in Spellcasting
  4586 | D:6      | Reached XP level 9. HP: 58/65 MP: 18/19
  4840 | D:6      | Reached skill level 5 in Fighting
  4853 | D:6      | Reached skill level 5 in Armour
  5209 | D:6      | HP: 1/68 [vampire mosquito (6)]
  5214 | D:6      | Slain by a vampire mosquito

Illustrated notes

Levels and vault maps discovered:
D:1:      tarquinn_simple_flora_water_e, layout_loops_ring,
          hellmonk_ecumenical_altar_dog_temple, minivault_5
D:2:      layout_basic, minmay_misc_feat_rows, minmay_distorted
D:3:      layout_rooms, mainiacjoe_overflow_alcove_1, minmay_misc_feat_cross,
          st_stairs_13
D:4:      layout_loops_corners, nicolae_uskayaw_suspiria, temple_statues
D:5:      layout_basic
D:6:      kennysheep_big_flooded_room, layout_loops_ring
Temple:   regret_index_temple_mists

Skill      XL: |  1  2  3  4  5  6  7  8  9 |
---------------+----------------------------+-----
Dodging        | 2 3 |  3.6
Fighting       | 1 2 3 4 5 |  5.6
Armour         | 1 2 3 5 |  5.6
Conjurations   | 4 5 6 |  6.0
Spellcasting   | 3 4 5 7 |  7.0
Stealth        | |  2.4

Action                   |  1- 3 |  4- 6 |  7- 9 || total
-------------------------+-------+-------+-------++-------
Melee: Unarmed           |     7 |       |       ||     7
       Long sword        |    16 |       |       ||    16
       Dagger            |    13 |    66 |    20 ||    99
 Cast: Magic Dart        |    21 |    40 |    39 ||   100
       Searing Ray       |     6 |    15 |    39 ||    60
 Abil: Dig               |       |     2 |       ||     2
  Use: Scroll            |       |     1 |       ||     1
       Potion            |       |       |     9 ||     9
 Stab: Sleeping          |     1 |     1 |       ||     2
Armor: Robe              |     9 |    28 |    12 ||    49
Dodge: Dodged            |    37 |    55 |    50 ||   142
